 Dungeon Crawl Stone Soup version 0.28-a0-1632-g283549b12f (webtiles) character file.

Game seed: 3747449377923748464

93 Nattfarinn the Cutter (level 4, -10/23 HPs)
             Began as a Vine Stalker Hunter on Jan 25, 2022.
             Mangled by Sigmund (12 damage)
             ... on level 2 of the Dungeon.
             The game lasted 00:02:29 (2067 turns).

Nattfarinn the Cutter (Vine Stalker Hunter)         Turns: 2067, Time: 00:02:30

Health: -10/23     AC:  5    Str: 16    XL:     4   Next: 61%
Magic:  0/5        EV: 11    Int: 11    God:
Gold:   134        SH:  0    Dex: 15    Spells: 3/3 levels left

rFire   . . .      SeeInvis .   b - +0 short sword
rCold   + . .      Faith    .   (no shield)
rNeg    . . .      Spirit   +   h - +2 leather armour {rC+}
rPois   .          Reflect  .   j - +0 hat
rElec   .          Harm     .   (no cloak)
rCorr   .          Rampage  .   (no gloves)
Will    .....                   (no boots)
Stlth   ++........              (no amulet)
HPRegen 0.87/turn               (no ring)
MPRegen 0.09/turn               (no ring)

@: no status effects
A: fangs 2, regeneration 1, magic shield, antimagic bite, no potion heal 2
a: no special abilities


You were on level 2 of the Dungeon.
You visited 1 branch of the dungeon, and saw 2 of its levels.

You collected 134 gold pieces.

Inventory:

Hand Weapons
 a - a +1 hunting sling
 b - a +0 short sword (weapon)
Missiles
 d - 37 sling bullets
 l - 40 stones (quivered)
Armour
 c - a +0 leather armour
 h - a +2 leather armour of cold resistance (worn)
 j - a +0 hat (worn)
Jewellery
 f - a ring of wizardry
 n - the ring of Xejesm {rC+ rN+ Str+2 Slay+2 SInv}
   (You found it on level 2 of the Dungeon)

   [ring of positive energy]

   Str:       It affects your strength (+2).
   Slay:      It affects your accuracy & damage with ranged weapons and melee
   (+2).
   rC:        It protects you from cold.
   rN:        It protects you from negative energy.
   SInv:      It lets you see invisible.
Scrolls
 e - 2 scrolls of identify {unknown}
 g - 2 scrolls of immolation {unknown}
 k - a scroll of fog {unknown}
 m - 2 scrolls of teleportation {unknown}
Potions
 i - a potion of magic {unknown}


   Skills:
 - Level 1.7 Fighting
 + Level 3.7 Short Blades
 - Level 3.6 Slings
 - Level 1.5 Dodging
 - Level 1.2 Stealth


You had 3 spell levels left.
You didn't know any spells.
Your spell library contained the following spells:

 Spells                   Type           Power      Damage    Failure   Level
 Sandblast                Erth           0%         2d4       41%         1


Dungeon Overview and Level Annotations

Branches:
Dungeon (2/15)

Altars:

Annotations:
D:2 Sigmund


Innate Abilities, Weirdness & Mutations

You have extremely sharp teeth.
Your natural rate of healing is unusually fast.
When hurt, damage is shared between your health and your magic reserves.
Your bite disrupts and absorbs the magic of your enemies.
Potions cannot restore your health.


Message History

No target in view!
No target in view!
No target in view!
No target in view!
No target in view!
No target in view!
No target in view!
No target in view!
No target in view!
n - the ring of Xejesm {rC+ rN+ Str+2 Slay+2 SInv}
g - 2 scrolls labelled IPTUVO TIQUISY (gained 1) Sigmund the Dreaded comes into view.
He is wielding a +0 scythe.
a - a +1 hunting sling (weapon)
You shoot a sling bullet. The sling bullet hits Sigmund.
Sigmund shouts!
Sigmund is lightly wounded.
Sigmund drinks a potion.
Sigmund seems to speed up.
You shoot a sling bullet. The sling bullet hits Sigmund.
Sigmund is lightly wounded.
You shoot a sling bullet. The sling bullet barely misses Sigmund.
b - a +0 short sword (weapon)
Sigmund mumbles some strange words.
Sigmund flickers and vanishes!
Deactivating autopickup; reactivate with Ctrl-A.
A puff of flame appears from out of thin air!
The puff of flame hits you. Something hits you!
You closely miss something. You bite something. Something hits you!
You hit something. Your bite misses something.
Something hits you but does no damage.
You barely miss something. Your bite misses something.
You hear some strange, mumbled words.
A magic dart appears from out of thin air!
The magic dart hits you!
* * * LOW HITPOINT WARNING * * *
Something hits you.
* * * LOW HITPOINT WARNING * * *
You miss something. Something hits you!
Ouch! That really hurt!
You die...

#......#.#.#..#.#...#.# #......
.#......#.#.#....#..#..####.....#
.....†........................>..
##.#....#.#.##...###..#####......
##.####.#.#.##.#.# #.)# ##.....
..........#.##.#.###..# #.....
##.####.###.##.#..##..# #.###.
#...........# #..##..# #.# #.
#.#.###.##### #@.##..######+###.
#.#.# #.# #{..#..#..........
#[#.# #.# #.#.#..+..........
#.#.# #.# #.#....#..........
#.#.# #.# #.#.#....#.....##.
#.#.# #.# #.#.#..#.#.....##.
#.#.# .# #.#......(........ #+#.#
..#....#.......... )...#
...#..#.###########


There were no monsters in sight!

Vanquished Creatures
  Jessica (D:2)
  An adder (D:2)
  A gnoll (D:1)
  3 dart slugs
  4 endoplasms
  A giant cockroach (D:2)
  5 goblins (D:1)
  3 hobgoblins
  4 jackals (D:1)
  4 kobolds
  2 quokkas (D:1)
  3 ball pythons
  5 bats
  A frilled lizard (D:2)
  3 rats
41 creatures vanquished.

Vanquished Creatures (others)
  A plant (D:1)
1 creature vanquished.

Grand Total: 42 creatures vanquished

Notes
Turn   | Place    | Note
-------+----------+-------------------------------------------
     0 | D:1      | Nattfarinn the Vine Stalker Hunter began the quest for the
                  | Orb.
     0 | D:1      | Reached XP level 1. HP: 11/11 MP: 2/2
   119 | D:1      | Reached skill level 1 in Short Blades
   288 | D:1      | Reached XP level 2. HP: 11/15 MP: 3/3
   766 | D:1      | Reached XP level 3. HP: 6/18 MP: 2/4
  1193 | D:1      | Found a faded altar of an unknown god.
  1210 | D:1      | Got Plato's Grimoire of the Mountains
  1674 | D:2      | Noticed Jessica
  1680 | D:2      | Killed Jessica
  1681 | D:2      | Gained mutation: Your natural rate of healing is unusually
                  | fast. [Vine Stalker growth]
  1681 | D:2      | Reached XP level 4. HP: 23/23 MP: 5/5
  1897 | D:2      | Identified the ring of Xejesm {rC+ rN+ Str+2 Slay+2 SInv}
  2051 | D:2      | Noticed Sigmund
  2066 | D:2      | HP: 1/23 [something (1)]
  2067 | D:2      | Mangled by Sigmund

Illustrated notes

Levels and vault maps discovered:
D:1:      moated_graveyard_arrival, layout_loops_corners,
          shapermc_ecumenical_altar_rom_forum, hex_medium
D:2:      layout_basic, minmay_split_cup_small, uniq_sigmund, uniq_jessica

Skill      XL: |  1  2  3 |
---------------+----------+-----
Short Blades   | 1 2 3 |  3.7
Fighting       | |  1.7
Slings         | |  3.6
Dodging        | |  1.5
Stealth        | |  1.2

Action                   |  1- 3 |  4- 6 || total
-------------------------+-------+-------++-------
Melee: Short sword       |   112 |    25 ||   137
       Bite              |    23 |     7 ||    30
       Punch             |     1 |       ||     1
 Fire: Hunting sling     |     7 |     3 ||    10
 Stab: Sleeping          |     1 |     1 ||     2
Armor: Leather armour    |    42 |     9 ||    51
Dodge: Dodged            |    53 |    15 ||    68

Table legend: (Time is in decaauts)
 A = Elapsed time spent in this place.
 B = Non-inter-level travel time spent in this place.
 C = Inter-level travel time spent in this place.
 D = Time resting spent in this place.
 E = Time spent auto-exploring this place.
 F = Levels seen in this place.
 G = Mean time per level.
                   A        B        C        D        E       F      G
               +--------+--------+--------+--------+--------+-----+--------+
         Total |   2062 |   2038 |     24 |     20 |   1678 |   2 | 1031.0 |
       Dungeon |   2062 |   2038 |     24 |     20 |   1678 |   2 | 1031.0 |
               +--------+--------+--------+--------+--------+-----+--------+

Top non-repeatable levels by time:
     D:1: 1396 daAuts
     D:2: 665 daAuts
